 Dungeon Crawl Stone Soup version 0.16-a0-3330-g2931290 (webtiles) character file.

105 Inkie the Conjurer (level 4, -5/27 HPs)
             Began as an Octopode Wizard on Dec 28, 2014.
             Killed by divine providence
             ... invoked by an orc priest
              (12 damage)
             ... on level 3 of the Dungeon.
             The game lasted 00:12:45 (3384 turns).

Inkie the Conjurer (Octopode Wizard)                Turns: 3384, Time: 00:12:45

Health: -5/27      AC:  3    Str:  7    XL:     4   Next: 83%
Magic:  8/9        EV: 12    Int: 20    God:
Gold:   202        SH:  0    Dex: 10    Spells: 4 memorised, 1 level left

rFire  . . .     SeeInvis .     n - +1 short sword (speed)
rCold  . . .     Clarity  .     (no shield)
rNeg   . . .     SustAb   .     m - +2 hat
rPois  .         Gourm    .     (no amulet)
rElec  .         Spirit   .     (no ring)
rCorr  .         Warding  .     (no ring)
rMut   .         Stasis   .     (no ring)
MR     .....                    (no ring)
Stlth  +++.......               (no ring)
                                (no ring)
                                (no ring)
                                (no ring)

@: not resistant to hostile enchantments, fairly stealthy
A: almost no armour, amphibious, 8 rings, constrict 8, camouflage 1, gelatinous
body 1
a: no special abilities


You were on level 3 of the Dungeon.
You were not hungry.

You visited 1 branch of the dungeon, and saw 3 of its levels.

You collected 202 gold pieces.

Inventory:

Hand weapons
 n - a +1 short sword of speed (weapon)
Missiles
 j - 42 stones (quivered)
Armour
 m - a +2 hat (worn)
Jewellery
 f - an uncursed ring of fire {unknown}
Scrolls
 i - a scroll of magic mapping {unknown}
 k - 2 scrolls of identify {unknown}
 l - a scroll of enchant armour {unknown}
 o - a scroll of recharging {unknown}
 p - a scroll of noise {unknown}
 s - a scroll of immolation {unknown}
 t - a scroll of random uselessness {unknown}
 v - a scroll of blinking {unknown}
 y - a scroll of fear {unknown}
Potions
 a - a potion of lignification {unknown}
 e - a potion of curing {unknown}
 g - a potion of magic {unknown}
 h - a potion of resistance {unknown}
 r - a potion of ambrosia {unknown}
 u - a potion of haste {unknown}
 w - a potion of brilliance {unknown}
Books
 c - a book of Minor Magic

   Spells                             Type                      Level
   a - Magic Dart                     Conjuration                  1
   b - Blink                          Translocation                2
   c - Call Imp                       Summoning                    2
   d - Repel Missiles                 Charms/Air                   2
   e - Slow                           Hexes                        2
   f - Conjure Flame                  Conjuration/Fire             3
   g - Mephitic Cloud                 Conjuration/Poison/Air       3
Comestibles
 b - a beef jerky
 d - a bread ration
 q - 2 meat rations
 x - a chunk of flesh


   Skills:
 - Level 2.0 Dodging
 - Level 2.6 Stealth
 - Level 3.0 Spellcasting
 * Level 4.4 Conjurations
   Level 1.0 Summonings
 + Level 1.0 Translocations


You had one spell level left.
You knew the following spells:

 Your Spells              Type           Power        Failure   Level  Hunger
a - Magic Dart            Conj           ###.         2%          1    None
b - Blink                 Tloc           N/A          17%         2    ##.....
c - Conjure Flame         Conj/Fire      ##......     21%         3    ###....
d - Repel Missiles        Chrm/Air       #.....       24%         2    ##.....


Dungeon Overview and Level Annotations

Branches:
Dungeon (3/15)

Altars:
Ashenzari
Fedhas
Makhleb
The Shining One

Annotations:
D:3 SnowFan's ghost, average DEFE


Innate Abilities, Weirdness & Mutations

You cannot wear most types of armour.
You are amphibious.
You can wear up to eight rings at the same time.
You can use your tentacles to constrict many enemies at once.
Your skin changes colour to match your surroundings (Stealth).
Your rubbery body absorbs attacks (AC +1).


Message History

Okay, then.
Unknown command.
Casting: Magic Dart
Confirm with . or Enter, or press ? or * to list all spells.
Aiming: Magic Dart
Press: ? - help, Shift-Dir - straight line, f/p - orc priest
Aim: an orc priest, wielding a falchion (lightly wounded)
The magic dart hits the orc.
The orc is moderately wounded.
A rat comes into view.
The orc priest calls down the wrath of Beogh upon you.
Something smites you!
* * * LOW HITPOINT WARNING * * *
The orc priest prays to Beogh.
You feel a wave of unholy energy pass over you.
The rat completely misses you. The rat misses you.
The orc priest calls down the wrath of Beogh upon you.
Something smites you!
You die...

#......# #.....o#
#......## #.......# #
#######.# # #.# #
######### #.## ####
########.......#####..#
...
............@.r....oo..#
#
######..####..o...รท...#
# #..#..#..........# #
#..'..#..###....)# #+##
####..####..# #.....#
P..###+#...........#
#.....#
.........8.........#
#......#
...........#####+#.#
#......# .##+#..##+##
#.# #......


You could see an orc priest, 2 orcs and a rat.

Vanquished Creatures
  Ijyb (D:2)
  2 adders (D:2)
  2 worms
  4 giant geckos
  An ooze (D:2)
  An orc (D:3)
  3 giant cockroaches
  3 goblins
  8 hobgoblins
  7 kobolds
  A quokka (D:1)
  6 bats
  4 giant newts
  10 rats
53 creatures vanquished.

Notes
Turn   | Place    | Note
--------------------------------------------------------------
     0 | D:1      | Inkie, the Octopode Wizard, began the quest for the Orb.
     0 | D:1      | Reached XP level 1. HP: 11/11 MP: 4/4
   444 | D:1      | Reached XP level 2. HP: 12/17 MP: 6/6
  1130 | D:1      | Reached XP level 3. HP: 21/21 MP: 2/7
  1346 | D:2      | Noticed Ijyb
  1639 | D:2      | Found a glowing golden altar of the Shining One.
  1766 | D:2      | Found a burning altar of Makhleb.
  1766 | D:2      | Found a shattered altar of Ashenzari.
  2107 | D:2      | Reached XP level 4. HP: 27/27 MP: 0/9
  2190 | D:2      | Learned a level 2 spell: Blink
  2194 | D:2      | Learned a level 3 spell: Conjure Flame
  2197 | D:2      | Learned a level 2 spell: Repel Missiles
  2344 | D:2      | Reached skill level 4 in Conjurations
  2457 | D:2      | Found a blossoming altar of Fedhas.
  2587 | D:2      | Killed Ijyb
  3218 | D:3      | Noticed SnowFan's ghost (average DEFE)
  3384 | D:3      | Killed from afar by an orc priest

Action                   |  1- 3 |  4- 6 || total
-------------------------+-------+-------++-------
Melee: Unarmed           |    15 |       ||    15
       Short sword       |    11 |     4 ||    15
Throw: Stone             |     2 |     6 ||     8
 Cast: Magic Dart        |    93 |    66 ||   159
 Stab: Sleeping          |     1 |       ||     1
  Eat: Chunk             |     3 |     4 ||     7
